 Dungeon Crawl Stone Soup version 0.17.1-1-g73c8601 (console) character file.

926 Kloppie the Skirmisher (level 8, -9/68 (70) HPs)
             Began as a Ghoul Gladiator on Dec 25, 2015.
             Mangled by an ogre
             ... wielding a +0 giant club
              (12 damage)
             ... on level 5 of the Dungeon.
             The game lasted 00:07:32 (3924 turns).

Kloppie the Skirmisher (Ghoul Gladiator)            Turns: 3924, Time: 00:07:32

HP:   -9/68 (70)    AC: 13    Str: 19    XL:     8   Next: 10%
MP:   7/7           EV: 13    Int:  5    God:
Gold: 256           SH:  0    Dex: 14    Spells: 0 memorised, 7 levels left

rFire  . . .     SeeInvis .     f - +1 battleaxe
rCold  + . .     Clarity  .     u - +0 chain mail
rNeg   + + +     SustAt   +     (shield currently unavailable)
rPois  ∞         Gourm    .     c - +0 helmet
rElec  .         Spirit   .     o - +0 cloak
rCorr  .         Warding  .     j - +0 pair of gloves
rMut   .         Stasis   .     (no boots)
MR     .....                    C - amulet of inaccuracy (curse)
Stlth  ..........               (no ring)
                                v - ring of sustain attributes

@: agile, rotting, not resistant to hostile enchantments, extremely unstealthy
A: rotting body, claws 1, carnivore 3, cold resistance 1, negative energy
resistance 3, slow regeneration 1, torment resistance, unbreathing
a: no special abilities


You were on level 5 of the Dungeon.
You were not hungry.

You visited 1 branch of the dungeon, and saw 5 of its levels.
You also visited: Sewer.

You collected 256 gold pieces.

Inventory:

Hand Weapons
 a - a +0 war axe
 f - a +1 battleaxe (weapon)
Missiles
 d - 3 throwing nets (quivered)
Armour
 c - a +0 helmet (worn)
 j - a +0 pair of gloves (worn)
 m - the +3 ring mail "Ytoruar" {Int+3, unknown}
   (You found it on level 4 of the Dungeon)

   It affects your intelligence (+3).
 o - a +0 cloak (worn)
 u - a +0 chain mail (worn)
Jewellery
 v - a ring of sustain attributes (left hand)
 C - a cursed amulet of inaccuracy (around neck)
Wands
 y - a wand of slowing (18)
 E - a wand of enslavement (12)
Scrolls
 h - 3 scrolls of random uselessness {unknown}
 p - 2 scrolls of recharging {unknown}
 q - a scroll of fog {unknown}
 r - 3 scrolls of enchant armour {unknown}
 s - 2 scrolls of noise {unknown}
 x - 2 scrolls of teleportation {unknown}
 D - a scroll of enchant weapon {unknown}
Potions
 g - a potion of brilliance
 i - a potion of flight
 n - 4 potions of ambrosia
 t - 2 potions of curing
 w - 2 potions of mutation {unknown}
 z - a potion of resistance
 A - a potion of haste {unknown}
Books
 B - a book of Battle

   Spells                             Type                      Level
   a - Infusion                       Charms                       1
   b - Shroud of Golubria             Charms/Translocation         2
   c - Song of Slaying                Charms                       2
   d - Spectral Weapon                Hexes/Charms                 3
   e - Regeneration                   Charms/Necromancy            3
Comestibles
 b - 2 beef jerkies
 e - 2 meat rations
 l - a slice of pizza


   Skills:
 + Level 6.1 Fighting
 + Level 5.4 Axes
 - Level 1.7 Throwing
 + Level 4.4 Armour
 - Level 2.6 Dodging


You had 7 spell levels left.
You didn't know any spells.

Dungeon Overview and Level Annotations

Branches:
Dungeon (5/15)
 Temple: D:4-7

Altars:
Ashenzari
Cheibriados
Gozag
Nemelex Xobeh
Ru
Vehumet
Zin


Innate Abilities, Weirdness & Mutations

Your body is rotting away.
You thrive on raw meat.
You are immune to poison.
You have sharp fingernails.
You are carnivorous and can eat meat at any time.
Your flesh is cold resistant.
You are immune to negative energy.
You regenerate slowly when monsters are visible.
You are immune to unholy pain and torment.
You can survive without breathing.


Message History

You miss the worker ant. The worker ant bites you.
* * * LOW HITPOINT WARNING * * *
The worker ant closely misses you. The ogre closely misses you.
You miss the worker ant.
Your chain mail prevents you from hitting the ogre.
The ogre is lightly wounded.
The worker ant closely misses you. The ogre misses you.
The worker ant barely misses you.
You closely miss the worker ant. You slash the ogre!
The ogre is moderately wounded.
The worker ant misses you. The ogre hits you with a giant club!
* * * LOW HITPOINT WARNING * * *
You slash the ogre!
The ogre is severely wounded.
You hit the worker ant.
The worker ant is moderately wounded.
The worker ant bites you.
* * * LOW HITPOINT WARNING * * *
The worker ant closely misses you. The ogre hits you with a giant club!
You die...

####.. .....# #....
###...####. ###
#.....#⌠..#+##.⌠. ###
#.O.............#. ...
#..#####.......##.##=.
#..#...#.......#...#..
#..'a@.+..._...+...#..
#..#O..#.......#...#..
#..####........##.##..
#.....#...(.....#.....
#.....#⌠..#+#.)⌠#..##.
##....####...####.##..
##..........#....##.#
##..........#..####.#
#.......#####.####...


You could see an ogre and a worker ant.

Vanquished Creatures
  Edmund (D:5)
  2 centaurs (D:5)
  A crocodile (Sewer)
  4 wights (D:3)
  A jelly (D:5)
  A crimson imp (D:3)
  A centaur skeleton (D:4)
  A hound (D:5)
  An orc wizard (D:4)
  2 worker ants
  A hound skeleton (D:4)
  3 river rats (D:3)
  2 adders
  2 oozes (D:2)
  2 worms
  4 giant geckos
  5 orcs (D:4)
  7 ball pythons
  7 bats
  6 giant cockroaches
  11 hobgoblins
  14 jackals
  6 kobolds
  A quokka (D:5)
  A giant gecko zombie (D:5)
  2 giant newts
  15 goblins
  12 rats
116 creatures vanquished.

Notes
Turn   | Place    | Note
--------------------------------------------------------------
     0 | D:1      | Kloppie the Ghoul Gladiator began the quest for the Orb.
     0 | D:1      | Reached XP level 1. HP: 17/17 MP: 0/0
   120 | D:1      | Reached skill level 3 in Axes
   120 | D:1      | Reached XP level 2. HP: 15/25 MP: 1/1
   442 | D:1      | Reached XP level 3. HP: 30/30 MP: 2/2
   791 | D:1      | Reached skill level 1 in Armour
  1271 | D:2      | Reached XP level 4. HP: 36/36 MP: 3/3
  1956 | D:3      | Reached XP level 5. HP: 40/46 MP: 4/4
  1970 | D:3      | Reached skill level 4 in Fighting
  1979 | D:3      | Reached XP level 6. HP: 21/53 MP: 5/5
  2086 | D:3      | Found an opulent altar of Gozag.
  2087 | D:3      | Found a glowing silver altar of Zin.
  2216 | D:3      | Found a faded altar to an unknown god.
  2442 | D:3      | Found a glowing drain.
  2452 | Sewer    | Entered a sewer
  2717 | D:3      | Reached skill level 5 in Fighting
  2717 | D:3      | Reached XP level 7. HP: 38/61 MP: 6/6
  3035 | D:4      | Found a sparkling altar of Nemelex Xobeh.
  3215 | D:4      | Found a sacrificial altar of Ru.
  3238 | D:4      | Found a radiant altar of Vehumet.
  3368 | D:4      | Got a polished ring mail
  3513 | D:4      | Found a snail-covered altar of Cheibriados.
  3649 | D:5      | Entered Level 5 of the Dungeon
  3653 | D:5      | Noticed Edmund
  3659 | D:5      | Reached skill level 5 in Axes
  3664 | D:5      | Killed Edmund
  3816 | D:5      | Reached XP level 8. HP: 55/69 MP: 7/7
  3833 | D:5      | Reached skill level 6 in Fighting
  3888 | D:5      | Found a shattered altar of Ashenzari.
  3924 | D:5      | HP: 3/68 [worker ant (5)]
  3924 | D:5      | Mangled by an ogre

Action                   |  1- 3 |  4- 6 |  7- 9 || total
-------------------------+-------+-------+-------++-------
Melee: War axe           |   141 |    74 |       ||   215
       Battleaxe         |       |    75 |   121 ||   196
  Use: Scroll            |       |       |     8 ||     8
       Potion            |       |       |     1 ||     1
 Stab: Paralysed         |       |       |     1 ||     1
  Eat: Chunk             |    10 |     9 |     5 ||    24
